 Dungeon Crawl Stone Soup version 0.29.1-2-gbd0b4ee654 (webtiles) character file.

Game seed: 722931677942149944

128 leafyfresh the Magician (level 5, 0/37 HPs)
             Began as a Gnoll Hedge Wizard on Oct 25, 2022.
             Succumbed to a scorpion's poison
             ... on level 4 of the Dungeon.
             The game lasted 00:05:07 (4042 turns).

leafyfresh the Magician (Gnoll Hedge Wizard)        Turns: 4042, Time: 00:05:08

Health: 0/37       AC:  2    Str:  9    XL:     5   Next: 11%
Magic:  7/14       EV: 13    Int: 15    God:
Gold:   162        SH:  0    Dex: 12    Spells: 10/18 levels left

rFire   . . .      SeeInvis .   s - +0 rapier
rCold   . . .      Faith    .   (no shield)
rNeg    . . .      Spirit   .   b - +0 robe
rPois   .          Reflect  .   c - +0 hat
rElec   .          Harm     .   (no cloak)
rCorr   +          Rampage  .   (no gloves)
Will    .....                   (no boots)
Stlth   +++.......              (no amulet)
HPRegen 0.12/turn               k - ring of resist corrosion
MPRegen 0.14/turn               (no ring)

@: mighty, lethally poisoned (0 -> -6), flying, very slightly contaminated
A: fangs 1, strong nose, distributed training
a: no special abilities


You were on level 4 of the Dungeon.
You visited 1 branch of the dungeon, and saw 4 of its levels.

You collected 162 gold pieces.

Inventory:

Hand Weapons
 a - a +0 dagger
 q - a +0 whip
 s - a +0 rapier (weapon)
Missiles
 l - 14 poisoned darts
Armour
 b - a +0 robe (worn)
 c - a +0 hat (worn)
Jewellery
 k - a ring of resist corrosion (left hand)
 t - a ring of wizardry
Scrolls
 f - 2 scrolls of identify {unknown}
 h - 2 scrolls of poison {unknown}
 m - a scroll of amnesia {unknown}
 n - 3 scrolls of blinking {unknown}
 p - a scroll of immolation {unknown}
 r - a scroll of teleportation {unknown}
 w - a scroll of torment {unknown}
 x - a scroll of fog {unknown}
Potions
 d - 3 potions of magic
 e - 2 potions of flight
 g - a potion of might
 i - 3 potions of ambrosia {unknown}
 j - 2 potions of heal wounds {unknown}
 o - 2 potions of curing {unknown}
 u - 2 potions of haste {unknown}
 v - a potion of cancellation {unknown}


   Skills:
 + Level 1.4 Fighting
 + Level 1.4 Short Blades
 + Level 1.4 Long Blades
 + Level 1.4 Axes
 + Level 1.4 Maces & Flails
 + Level 1.4 Polearms
 + Level 1.4 Staves
 + Level 1.4 Ranged Weapons
 + Level 1.4 Throwing
 + Level 1.4 Armour
 + Level 4.7 Dodging
 + Level 4.4 Stealth
 + Level 1.4 Shields
 + Level 1.4 Unarmed Combat
 + Level 7.3 Spellcasting
 + Level 2.3 Conjurations
 + Level 1.1 Hexes
 + Level 2.3 Summonings
 + Level 1.1 Necromancy
 + Level 2.3 Translocations
 + Level 1.1 Transmutations
 + Level 1.1 Fire Magic
 + Level 1.1 Ice Magic
 + Level 1.1 Air Magic
 + Level 1.1 Earth Magic
 + Level 1.1 Poison Magic
 + Level 1.6 Invocations
 + Level 1.4 Evocations


You had 10 spell levels left.
You knew the following spells:

 Your Spells              Type           Power      Damage    Failure   Level
a - Magic Dart            Conj           48%        1d5       4%          1
b - Mephitic Cloud        Conj/Pois/Air  10%        N/A       21%         3
c - Blink                 Tloc           24%        N/A       8%          2
d - Call Imp              Summ           12%        N/A       8%          2

Your spell library contained the following spells:

 Spells                   Type           Power      Damage    Failure   Level
 Slow                     Hex            32%        N/A       9%          1
 Static Discharge         Conj/Air       10%        3-5/arc   10%         2
 Conjure Flame            Conj/Fire      10%        6-21      19%         3
 Lightning Bolt           Conj/Air       5%         1d17      86%         5
 Maxwell's Capacitive Co  Air            4%         ∞         100%        8


Dungeon Overview and Level Annotations

Branches:
Dungeon (4/15)
 Temple: D:4-7

Altars:
Hepliaklqana
Qazlal


Innate Abilities, Weirdness & Mutations

You have very sharp teeth.
Your uncanny sense of smell can sniff out nearby items.
Your experience applies equally to all skills.


Message History

Confirm with . or Enter, or press ? or * to list all spells.
Aiming: Magic Dart (safe; 4% risk of failure)
Press: ? - help, Shift-Dir - straight line, f/p - scorpion
Aim: a scorpion (heavily wounded, 100% to hit)
The magic dart hits the scorpion but does no damage.
The scorpion is heavily wounded.
You feel very sick. The scorpion stings you!
Casting: Magic Dart (safe; 4% risk of failure)
Confirm with . or Enter, or press ? or * to list all spells.
Aiming: Magic Dart (safe; 4% risk of failure)
Press: ? - help, Shift-Dir - straight line, f/p - scorpion
Aim: a scorpion (heavily wounded, 100% to hit)
The magic dart hits the scorpion but does no damage.
The scorpion is heavily wounded.
* * * LOW HITPOINT WARNING * * *
You feel very sick.
The scorpion stings you but does no damage.
The scorpion stings you.
* * * LOW HITPOINT WARNING * * *
Casting: Magic Dart (safe; 4% risk of failure)
Confirm with . or Enter, or press ? or * to list all spells.
Aiming: Magic Dart (safe; 4% risk of failure)
Press: ? - help, Shift-Dir - straight line, f/p - scorpion
Aim: a scorpion (heavily wounded, 100% to hit)
You miscast Magic Dart.
You are very lightly contaminated with residual magic.
Nothing appears to happen.
* * * LOW HITPOINT WARNING * * *
You feel very sick. The scorpion stings you.
* * * LOW HITPOINT WARNING * * *
It was a potion of might.
You feel very mighty all of a sudden.
* * * LOW HITPOINT WARNING * * *
You feel sick. The scorpion completely misses you.
It was a potion of flight.
You feel very buoyant.
You fly up into the air.
You die...

..# .$#####
...............#
...............#
...............#
#+#...............#
#$.s..$... ......#
###@######### #....#
#...........# #....#
#...........# #....#
#...........# #.....
#...........###.....
###########....#....
####...... ##.....
#.....


You could see a scorpion.

Vanquished Creatures
  A hound (D:4)
  3 adders
  An adder skeleton (D:3)
  A worm (D:3)
  2 dart slugs
  An orc (D:3)
  6 ball pythons
  7 endoplasms
  3 giant cockroaches
  4 goblins
  3 hobgoblins
  8 kobolds
  5 quokkas
  3 ball python zombies (D:3)
  6 bats
  2 frilled lizards
  A quokka skeleton (D:3)
  3 rats
60 creatures vanquished.

Vanquished Creatures (others)
  5 plants (D:3)
5 creatures vanquished.

Grand Total: 65 creatures vanquished

Notes
Turn   | Place    | Note
-------+----------+-------------------------------------------
     0 | D:1      | leafyfresh the Gnoll Hedge Wizard began the quest for the
                  | Orb.
     0 | D:1      | Reached XP level 1. HP: 13/13 MP: 8/8
   237 | D:1      | Reached XP level 2. HP: 19/19 MP: 7/10
   534 | D:1      | Found a faded altar of an unknown god.
   534 | D:1      | Noticed a reaper
   838 | D:1      | Reached XP level 3. HP: 25/25 MP: 7/11
  1788 | D:2      | Reached skill level 1 in Invocations
  2399 | D:2      | Reached skill level 1 in Fighting
  2399 | D:2      | Reached skill level 1 in Short Blades
  2399 | D:2      | Reached skill level 1 in Long Blades
  2399 | D:2      | Reached skill level 1 in Axes
  2399 | D:2      | Reached skill level 1 in Maces & Flails
  2399 | D:2      | Reached skill level 1 in Polearms
  2399 | D:2      | Reached skill level 1 in Staves
  2399 | D:2      | Reached skill level 1 in Ranged Weapons
  2399 | D:2      | Reached skill level 1 in Throwing
  2399 | D:2      | Reached skill level 1 in Armour
  2399 | D:2      | Reached skill level 1 in Shields
  2399 | D:2      | Reached skill level 1 in Unarmed Combat
  2399 | D:2      | Reached skill level 1 in Evocations
  2403 | D:2      | Learned a level 3 spell: Mephitic Cloud
  2406 | D:2      | Learned a level 2 spell: Blink
  2409 | D:2      | Learned a level 2 spell: Call Imp
  2765 | D:3      | Reached XP level 4. HP: 32/32 MP: 5/13
  3427 | D:3      | Found a hazy altar of Hepliaklqana.
  3476 | D:3      | Found a stormy altar of Qazlal.
  3723 | D:3      | Reached skill level 1 in Hexes
  3723 | D:3      | Reached skill level 1 in Necromancy
  3723 | D:3      | Reached skill level 1 in Transmutations
  3723 | D:3      | Reached skill level 1 in Fire Magic
  3723 | D:3      | Reached skill level 1 in Ice Magic
  3723 | D:3      | Reached skill level 1 in Air Magic
  3723 | D:3      | Reached skill level 1 in Earth Magic
  3723 | D:3      | Reached skill level 1 in Poison Magic
  3830 | D:4      | Reached XP level 5. HP: 32/37 MP: 2/14
  4041 | D:4      | HP: 1/37 [poisoned by a scorpion]
  4042 | D:4      | Succumbed to a scorpion's poison

Illustrated notes

Levels and vault maps discovered:
D:1:      lemuel_arrival_muddy, layout_basic,
          dreamdust_ecumenical_altar_sealed_demon,
          chequers_serial_rivers_micro_b, minivault_5
D:2:      layout_basic
D:3:      layout_basic, nicolae_hepliaklqana_hazy_memory,
          mainiacjoe_overflow_tiny_flanked, serial_undead, serial_undead_f,
          serial_undead_e, serial_undead_d, serial_undead_f, serial_undead_d,
          serial_undead_b, minmay_misc_feat_iff, kennysheep_generic_room_9
D:4:      layout_basic, serial_shops, nicolae_shop_overgrown_old_shop,
          grunt_decor_junction, kennysheep_generic_room_10

Skill      XL: |  1  2  3  4 |
---------------+-------------+-----
Conjurations   | 2 |  2.3
Summonings     | 2 |  2.3
Translocations | 2 |  2.3
Invocations    | 1 |  1.6
Fighting       | 1 |  1.4
Short Blades   | 1 |  1.4
Long Blades    | 1 |  1.4
Axes           | 1 |  1.4
Maces & Flails | 1 |  1.4
Polearms       | 1 |  1.4
Staves         | 1 |  1.4
Ranged Weapons | 1 |  1.4
Throwing       | 1 |  1.4
Armour         | 1 |  1.4
Shields        | 1 |  1.4
Unarmed Combat | 1 |  1.4
Evocations     | 1 |  1.4
Hexes          | 1 |  1.1
Necromancy     | 1 |  1.1
Transmutations | 1 |  1.1
Fire Magic     | 1 |  1.1
Ice Magic      | 1 |  1.1
Air Magic      | 1 |  1.1
Earth Magic    | 1 |  1.1
Poison Magic   | 1 |  1.1
Dodging        | |  4.7
Stealth        | |  4.4
Spellcasting   | |  7.3

Action                   |  1- 3 |  4- 6 || total
-------------------------+-------+-------++-------
Melee: Dagger            |    54 |       ||    54
       Bite              |     1 |     1 ||     2
       Rapier            |       |    16 ||    16
       Whip              |       |     8 ||     8
       Punch             |       |     1 ||     1
 Cast: Magic Dart        |    83 |    60 ||   143
  Use: Potion            |       |     2 ||     2
 Stab: Sleeping          |     3 |     1 ||     4
Armor: Robe              |     4 |    10 ||    14
Dodge: Dodged            |    65 |    38 ||   103
